 Dungeon Crawl Stone Soup version 0.30-a0-23-ge60ba3568b (webtiles) character file.

Game seed: 3657533552640088636

54 Hubris850 the Chopper (level 3, -5/31 HPs)
             Began as a Hill Orc Monk on Aug 24, 2022.
             Killed by nerve-wracking pain
             ... invoked by Grinder
              (11 damage)
             ... on level 3 of the Dungeon.
             The game lasted 00:04:44 (1739 turns).

Hubris850 the Chopper (Hill Orc Monk)               Turns: 1739, Time: 00:04:44

Health: -5/31      AC:  6    Str: 15    XL:     3   Next: 91%
Magic:  3/3        EV: 11    Int: 10    God:
Gold:   125        SH:  0    Dex: 13    Spells: 2/2 levels left

rFire   . . .      SeeInvis .    f - +4 dagger
rCold   . . .      Faith    .    (no shield)
rNeg    . . .      Spirit   .    i - +0 ring mail
rPois   .          Reflect  .    (no helmet)
rElec   .          Harm     .    (no cloak)
rCorr   .          Rampage  .    j - +0 pair of gloves
Will    .....                    (no boots)
Stlth   ..........               (no amulet)
HPRegen 0.10/turn                (no ring)
MPRegen 0.08/turn                (no ring)

@: confused, ambrosia-drunk
A: no striking features
a: no special abilities


You were on level 3 of the Dungeon.
You visited 1 branch of the dungeon, and saw 4 of its levels.

You collected 125 gold pieces.

Inventory:

Hand Weapons
 a - a +0 hand axe
 f - a +4 dagger (weapon)
Armour
 b - a +0 robe
 i - a +0 ring mail (worn)
 j - a +0 pair of gloves (worn)
Wands
 p - a wand of polymorph (8)
Scrolls
 d - a scroll of amnesia {unknown}
 e - a scroll of teleportation
 h - 2 scrolls of identify
 m - a scroll of torment {unknown}
Potions
 g - 2 potions of attraction {unknown}
 k - 2 potions of curing {unknown}
 n - a potion of lignification {unknown}


   Skills:
 - Level 3.6 Fighting
 + Level 5.2 Axes
 + Level 2.5 Armour
 - Level 2.4 Dodging
 - Level 1.5 Stealth


You had 2 spell levels left.
You didn't know any spells.
Your spell library contained the following spells:

 Spells                   Type           Power      Damage    Failure   Level
 Sandblast                Erth           0%         2d4       58%         1
 Slow                     Hex            0%         N/A       58%         1
 Passwall                 Tmut/Erth      0%         N/A       73%         2
 Confusing Touch          Hex            0%         N/A       91%         3
 Stone Arrow              Conj/Erth      0%         3d7       91%         3
 Vampiric Draining        Necr           0%         2d6       91%         3
 Yara's Violent Unravell  Hex/Tmut       0%         3d3       100%        5
 Enfeeble                 Hex            0%         N/A       100%        7


Dungeon Overview and Level Annotations

Branches:
Dungeon (4/15)
 Temple: D:4-7

Altars:

Annotations:
D:2 Sigmund
D:3 Grinder


Message History

The orc is lightly wounded.
The orc hits you with a +0 short sword.
Grinder says, "DUCK!"
You hit the orc.
You kill the orc!
Grinder closely misses you.
Things that are here:
a +0 short sword; a +0 chain mail You closely miss Grinder.
Grinder is lightly wounded.
Grinder hits you.
You completely miss Grinder.
Grinder is lightly wounded.
Grinder barely misses you.
You closely miss Grinder.
Grinder is lightly wounded.
Grinder gestures at you. Pain shoots through your body!
You hit Grinder.
Grinder is moderately wounded.
Grinder hits you but does no damage.
You closely miss Grinder.
Grinder is moderately wounded.
Grinder hits you.
You writhe in agony.
You hit Grinder.
Grinder is moderately wounded.
Grinder gestures at you.
You suddenly lose the ability to move!
Grinder hits you.
* * * LOW HITPOINT WARNING * * *
You writhe in agony.
* * * LOW HITPOINT WARNING * * *
You can move again.
Unknown command.
Unknown command.
You are confused.
You feel invigorated. Grinder gestures at you. Pain shoots through your body!
You die...

####### #.....#
########### ######.###.#
#..........
...†.....>.###.......(..
######.##.......@5..((..
#.##.###†..........
######....# #...........
.......##.# ##....$.....
.......##.# #.......(..
.......##. #.......(..
.......##. ##...######
.......##......##.#
.......##......#


You could see Grinder.

Vanquished Creatures
  6 orcs
  7 ball pythons
  3 bats
  5 endoplasms
  4 giant cockroaches (D:1)
  2 goblins (D:1)
  5 hobgoblins
  3 frilled lizards
  3 kobolds
  3 rats
41 creatures vanquished.

Notes
Turn   | Place    | Note
-------+----------+-------------------------------------------
     0 | D:1      | Hubris850 the Hill Orc Monk began the quest for the Orb.
     0 | D:1      | Reached XP level 1. HP: 19/19 MP: 1/1
   100 | D:1      | Reached skill level 1 in Armour
   145 | D:1      | Reached XP level 2. HP: 26/26 MP: 2/2
   624 | D:1      | Reached XP level 3. HP: 30/31 MP: 3/3
  1122 | D:2      | Noticed Sigmund
  1402 | D:2      | Reached skill level 5 in Axes
  1715 | D:3      | Noticed Grinder
  1720 | D:3      | Paralysed by Grinder for 4 turns
  1737 | D:3      | Paralysed by Grinder for 2 turns
  1739 | D:3      | Killed from afar by Grinder

Illustrated notes

Levels and vault maps discovered:
D:1:      eino_arrival_water_cross, layout_loops_ring, hangedman_decor_points,
          dreamdust_princess_bridge
D:2:      layout_loops_ring, basic_ecumenical_altar, serial_aquarium,
          aquarium_bridge_straight [aquarium_subvault_bridge,
          aquarium_subvault_wall, aquarium_subvault_bridge,
          aquarium_subvault_wall], aquarium_window_fake, aquarium_window_3,
          aquarium_window_fake, aquarium_view_2d, aquarium_balcony_5b,
          aquarium_pool_2, uniq_jessica, uniq_sigmund
D:3:      layout_basic, uniq_grinder
D:4:      gammafunk_steamed_eel, layout_basic, serial_shops, nicolae_shop_stone

Skill      XL: |  1  2  3 |
---------------+----------+-----
Armour         | 1 2 |  2.5
Axes           | 5 |  5.2
Fighting       | |  3.6
Dodging        | |  2.4
Stealth        | |  1.5

Action                   || total
-------------------------++-------
Melee: Hand axe          ||    19
       Dagger            ||    82
       Punch             ||     3
Throw: Dart              ||     4
       Javelin           ||     2
  Use: Scroll            ||     2
       Potion            ||     1
 Stab: Sleeping          ||     3
Armor: Robe              ||     5
       Ring mail         ||    31
Dodge: Dodged            ||    48

Table legend: (Time is in decaauts)
 A = Elapsed time spent in this place.
 B = Non-inter-level travel time spent in this place.
 C = Inter-level travel time spent in this place.
 D = Time resting spent in this place.
 E = Time spent auto-exploring this place.
 F = Levels seen in this place.
 G = Mean time per level.
                   A        B        C        D        E       F      G
               +--------+--------+--------+--------+--------+-----+--------+
         Total |   1744 |   1720 |     24 |    277 |   1034 |   4 |  436.0 |
       Dungeon |   1744 |   1720 |     24 |    277 |   1034 |   4 |  436.0 |
               +--------+--------+--------+--------+--------+-----+--------+

Top non-repeatable levels by time:
     D:1: 1270 daAuts
     D:3: 239 daAuts
     D:2: 201 daAuts
     D:4: 32 daAuts
